 Dungeon Crawl Stone Soup version 0.30.0-17-ge0270778cf (webtiles) character file.

Game seed: 15291032164525294943

94171 JanusIIV the Impaler (level 15, -7/138 HPs)
             Began as a Minotaur Fighter on May 23, 2023.
             Was the Champion of Okawaru.
             Killed from afar by a will-o-the-wisp (13 damage)
             ... with a foxfire
             ... on level 3 of the Swamp.
             The game lasted 00:57:16 (23854 turns).

JanusIIV the Impaler (Minotaur Fighter)            Turns: 23854, Time: 00:57:17

Health: -7/138     AC: 25    Str: 29    XL:     15   Next: 62%
Magic:  20/20      EV: 15    Int:  4    God:    Okawaru [******]
Gold:   1689       SH: 13    Dex: 18    Spells: 14/14 levels left

rFire   . . .        L - +6 demon trident (elec)
rCold   + . .        y - +0 kite shield
rNeg    + + .        C - +4 ring mail of Zekeoschike {Str+3 Dex+4}
rPois   +            q - +2 hat
rElec   +            E - +2 ratskin cloak {*Rats rPois rN+ Str-1 Int-1 Dex+1}
rCorr   .            c - +3 pair of gauntlets of War {Slay+5}
SInv    .            a - +2 pair of boots "Natoar" {rElec rC+ Dex+2 Stlth+}
Will    ++...        (no amulet)
Stlth   ++           o - ring of positive energy
HPRegen 0.43/turn    H - ring of willpower
MPRegen 0.17/turn

%: no passive effects
@: slowed, studying Fighting, very slow
A: horns 2, retaliatory headbutt
a: Renounce Religion, Heroism, Finesse, Duel


You were on level 3 of the Swamp.
You worshipped Okawaru.
Okawaru was exalted by your worship.
You visited 4 branches of the dungeon, and saw 24 of its levels.
You also visited: Gauntlet and Ice Cave.

You collected 2489 gold pieces.
You spent 800 gold pieces at shops.

Inventory:

Hand Weapons
 J - a +5 heavy trident
 L - a +6 demon trident of electrocution (weapon)
Missiles
 G - 2 javelins (quivered)
Armour
 a - the +2 pair of boots "Natoar" (worn) {rElec rC+ Dex+2 Stlth+}
   (Okawaru gifted it to you on level 4 of the Lair of Beasts)

   Dex:       It affects your dexterity (+2).
   rC:        It protects you from cold.
   rElec:     It insulates you from electricity.
   Stlth:     It makes you more stealthy.
 c - the +3 pair of gauntlets of War (worn) {Slay+5}
   (You acquired it on level 7 of the Dungeon)

   Slay:      It affects your accuracy & damage with ranged weapons and melee
   (+5).
 d - the +7 tower shield of the Blue Moon {rCorr}
   (Okawaru gifted it to you on level 1 of the Swamp)

   rCorr:     It protects you from acid and corrosion.
 q - a +2 hat (worn)
 y - a +0 kite shield (worn)
 C - the +4 ring mail of Zekeoschike (worn) {Str+3 Dex+4}
   (You found it on level 4 of the Dungeon)

   Str:       It affects your strength (+3).
   Dex:       It affects your dexterity (+4).
 E - the +2 ratskin cloak (worn) {*Rats rPois rN+ Str-1 Int-1 Dex+1}
   (You found it on level 4 of the Dungeon)

   *Rats:     When the wearer is hurt, rats may emerge from it to assist them.
   Str:       It affects your strength (-1).
   Int:       It affects your intelligence (-1).
   Dex:       It affects your dexterity (+1).
   rPois:     It protects you from poison.
   rN:        It protects you from negative energy.
Jewellery
 o - a ring of positive energy (left hand)
 H - a ring of willpower (right hand)
 V - a ring of willpower
Wands
 f - a wand of mindburst (16)
 t - a wand of polymorph (12)
 u - a wand of paralysis (34)
 x - a wand of acid (19)
 F - a wand of iceblast (2)
 M - a wand of flame (4)
Scrolls
 h - 2 scrolls of fear
 i - 4 scrolls of fog
 n - a scroll of poison
 w - a scroll of brand weapon
 A - 12 scrolls of teleportation
 B - 5 scrolls of enchant armour
 O - 3 scrolls of identify
 U - 7 scrolls of immolation
Potions
 b - 5 potions of flight
 e - a potion of resistance
 j - 8 potions of curing
 p - a potion of might
 r - 7 potions of mutation
 v - 4 potions of ambrosia
 Q - 2 potions of cancellation
 R - a potion of invisibility
Miscellaneous
 k - a condenser vane (inert)
 P - a lightning rod (1/4)


   Skills:
 - Level 14.0 Fighting
 + Level 20.2 Polearms
 - Level 12.0 Armour
 - Level 8.0 Dodging
 + Level 13.4 Shields
 - Level 8.0 Invocations
 - Level 8.0 Evocations


You had 14 spell levels left.
You didn't know any spells.
Your spell library contained the following spells:

 Spells                   Type           Power      Damage    Failure   Level
 Beastly Appendage        Tmut           0%         N/A       73%         1
 Magic Dart               Conj           0%         1d3       73%         1
 Sting                    Tmut/Pois      0%         1d3       73%         1
 Blink                    Tloc           0%         N/A       86%         2
 Cigotuvi's Dreadful Rot  Necr/Pois/Air  0%         N/A       86%         2
 Ensorcelled Hibernation  Hex/Ice        0%         N/A       86%         2
 Lesser Beckoning         Tloc           0%         N/A       86%         2
 Momentum Strike          Conj/Tloc      0%         3d8       86%         2
 Poisonous Vapours        Pois/Air       0%         N/A       86%         2
 Searing Ray              Conj           0%         2d4       86%         2
 Wereblood                Tmut           0%         N/A       86%         2
 Ignite Poison            Fire/Tmut/Pois 0%         N/A       97%         3
 Mephitic Cloud           Conj/Pois/Air  0%         N/A       97%         3
 Spider Form              Tmut/Pois      0%         N/A       97%         3
 Anguish                  Hex/Necr       0%         N/A       100%        4
 Cause Fear               Hex            0%         N/A       100%        4
 Fulminant Prism          Conj/Hex       0%         3d5       100%        4
 Olgreb's Toxic Radiance  Pois           0%         N/A       100%        4
 Freezing Cloud           Conj/Ice/Air   0%         6-21      100%        5
 Enfeeble                 Hex            0%         N/A       100%        7
 Call Imp                 Summ           Unusable   N/A       N/A         2

Dungeon Overview and Level Annotations

Branches:
Dungeon (15/15)            Temple (0/1) D:4            Lair (4/5) D:9
  Swamp (3/4) Lair:2       Spider (0/4) Lair:3        Slime (0/5) Lair:4
    Orc (2/2) D:10            Elf (0/3) Orc:2        Vaults (0/5) D:13
 Depths (0/4) D:15          IceCv (visited)         Gauntlet (visited)

Altars:
Ashenzari
Cheibriados
Dithmenos
Fedhas
Gozag
Hepliaklqana
Kikubaaqudgha
Makhleb
Nemelex Xobeh
Okawaru
Ru
Trog
Uskayaw
Vehumet
Wu Jian
The Shining One

Shops:
D:10 (   D:13 !   Orc:1 *   Orc:2 (:**:

Annotations:
D:7 1 runed translucent door, Crazy Yiuf


Innate Abilities, Weirdness & Mutations

You have a pair of horns on your head.
You reflexively headbutt those who attack you in melee.


Message History

The foxfire hits you.
* * * LOW HITPOINT WARNING * * *
The will-o-the-wisp gestures.
The will-o-the-wisp conjures some foxfire! 2 foxfires come into view.
Aiming: Iceblast
Press: ? - help, Shift-Dir - straight line, f/p - will-o-the-wisp
Aim: a will-o-the-wisp (moderately damaged)
The mass of ice explodes!
The iceblast engulfs the will-o-the-wisp!!
The will-o-the-wisp partially resists.
The will-o-the-wisp is almost destroyed.
The iceblast engulfs the foxfire!
The foxfire is lightly damaged.
The iceblast engulfs the foxfire!!
The foxfire is lightly damaged.
You hear a shout!
You hear a hideous shriek!
The foxfire hits you!
* * * LOW HITPOINT WARNING * * *
The foxfire hits you!
* * * LOW HITPOINT WARNING * * *
You feel much better.
The will-o-the-wisp gestures.
The will-o-the-wisp conjures some foxfire! 2 foxfires come into view.
You are too injured to fight recklessly!
Unknown command.
You closely miss the will-o-the-wisp.
The will-o-the-wisp is almost destroyed.
The foxfire hits you!!
* * * LOW HITPOINT WARNING * * *
The foxfire hits you but does no damage.
The will-o-the-wisp gestures.
The will-o-the-wisp conjures some foxfire! 2 foxfires come into view.
You completely miss the will-o-the-wisp.
Your headbutt misses the will-o-the-wisp.
The will-o-the-wisp is almost destroyed.
The foxfire hits you!
You die...

♣ ♣♣.♣~~~~~~.♣ ♣
♣~~~~~~~~.♣♣ ♣♣
♣.~~.~~~~>.♣ ~♣
♣♣~~~~~~~~.♣ ~? ~♣
♣..~~~♣~~~♣♣ ♣~~♣ ..♣
♣♣..~~~~~.~♣ x..♣ ~§.♣
♣♣..~♣~~♣~♣ ...♣ ~.♣♣
♣♣~~~÷.§v♣♣ ♣..♣♣ ~§~♣
♣~~~.~~v@♣ ♣♣....♣
.~.♣ ♣..~.~~v§♣
♣♣~...♣ .§~♣
♣♣.~..♣~.♣♣♣♣[~.♣.♣
♣...§.....†......♣
♣..§.......(.....♣
♣..############..~.~.♣
♣.. .....♣♣ ♣.. ...♣♣♣
♣. ....♣


You could see a will-o-the-wisp.

Vanquished Creatures
  Nikola (Swamp:1)
  Mlioglotl (Swamp:1)
  Gastronok (Lair:3)
  2 fenstrider witches
  A stone giant (D:15)
  The ghost of Whoops the Cleaver, a journeyman DsFi of Okawaru (D:14)
  An eleionoma (Swamp:1)
  Nessos (D:13)
  2 bunyips
  Snorg (Lair:4)
  A fire dragon (D:15)
  A shambling mangrove (Swamp:3)
  A vault guard (D:13)
  8 hydras
  3 centaur warriors
  A catoblepas (Lair:4)
  7 two-headed ogres
  4 boulder beetles
  An alligator (Swamp:1)
  3 tengu warriors (D:15)
  An orc high priest (Orc:2)
  4 goliath frogs
  Lodul (D:11)
  2 skysharks (Lair:4)
  A death drake (Swamp:3)
  2 bog bodies
  2 swamp dragons
  3 spriggan druids
  Pikel (D:7)
  An orc knight (D:15)
  11 ugly things
  A wolf spider (Lair:3)
  A deep elf pyromancer (D:12)
  4 orc sorcerers (Orc:2)
  9 cyclopes
  3 manticores
  2 will-o-the-wisps
  Joseph (D:7)
  A gargoyle (D:13)
  Maggie (D:6)
  11 cane toads
  2 freezing wraiths (D:14)
  5 komodo dragons
  3 efreet
  A kobold demonologist (D:12)
  3 unseen horrors
  A polar bear (Lair:1)
  5 trolls
  Grinder (D:3)
  14 hornets
  A tarantella (shapeshifter) (D:14)
  13 blink frogs
  5 tyrant leeches
  3 culicivoras (Lair:3)
  12 slime creatures
  2 shadows (D:9)
  11 spriggans
  A water elemental (D:11)
  5 wraiths
  35 yaks
  A vampire (D:10)
  5 basilisks
  20 vampire mosquitoes
  2 steam dragons
  A death yak simulacrum (IceCv)
  9 wargs
  12 swamp worms
  A harpy simulacrum (IceCv)
  An acid dragon (D:14)
  A hydra simulacrum (IceCv)
  An acid dragon (shapeshifter) (D:13)
  10 water moccasins
  2 ice beasts (D:8)
  A sky beast (D:7)
  2 swamp drakes
  2 black bears
  17 wolves
  10 centaurs
  18 orc warriors
  16 ogres
  A lemure (D:7)
  A phantom (D:5)
  10 kobold brigands
  A gnoll sergeant (D:7)
  12 bullfrogs
  3 scorpions
  7 wights
  A cane toad simulacrum (IceCv)
  7 killer bees
  An elephant simulacrum (IceCv)
  An oklob sapling (D:4)
  3 electric eels
  5 howler monkeys (D:7)
  7 hounds (D:7)
  3 jellies
  4 gnoll boudas (D:7)
  26 orc priests
  Ijyb (D:3)
  6 hell rats (Lair:1)
  9 iguanas
  32 orc wizards
  Natasha (thrice) (D:3)
  2 polar bear simulacra (IceCv)
  6 adders
  15 gnolls
  A shadow imp (D:5)
  A white imp (D:7)
  An ufetubus (D:6)
  2 worms (D:5)
  A dart slug (D:1)
  73 orcs
  5 ball pythons
  11 endoplasms
  A giant cockroach (D:4)
  8 goblins
  4 hobgoblins
  3 jackals (D:2)
  A quokka (D:1)
  A bat (D:2)
  7 frilled lizards
  24 kobolds
  7 rats
678 creatures vanquished.

Vanquished Creatures (others)
  A will-o-the-wisp (Swamp:3)
  A hornet (Swamp:3)
  A bloated husk (Swamp:3)
  An orc wizard (Orc:2)
  12 foxfires
16 creatures vanquished.

Grand Total: 694 creatures vanquished

Notes
Turn   | Place    | Note
-------+----------+-------------------------------------------
     0 | D:1      | JanusIIV the Minotaur Fighter began the quest for the Orb.
     0 | D:1      | Reached XP level 1. HP: 19/19 MP: 0/0
   156 | D:1      | Reached XP level 2. HP: 27/27 MP: 1/1
   623 | D:2      | Reached skill level 3 in Polearms
   712 | D:2      | Reached XP level 3. HP: 34/34 MP: 2/2
  1149 | D:3      | Found a burning altar of Makhleb.
  1296 | D:3      | Noticed Natasha
  1302 | D:3      | Reached skill level 4 in Polearms
  1311 | D:3      | Killed Natasha
  1312 | D:3      | Reached XP level 4. HP: 28/41 MP: 3/3
  1381 | D:3      | Noticed Ijyb
  1384 | D:3      | Paralysed by Ijyb for 3 turns
  1389 | D:3      | Killed Ijyb
  1390 | D:3      | Reached skill level 5 in Fighting
  1499 | D:3      | Reached skill level 5 in Polearms
  1502 | D:3      | Reached XP level 5. HP: 48/48 MP: 4/4
  1504 | D:3      | Found an iron altar of Okawaru.
  1512 | D:3      | Became a worshipper of Warmaster Okawaru
  1592 | D:3      | Noticed Grinder
  1611 | D:3      | Killed Grinder
  1611 | D:3      | Reached * piety under Okawaru
  1612 | D:3      | Reached skill level 7 in Polearms
  1612 | D:3      | Reached XP level 6. HP: 45/57 MP: 5/5
  1713 | D:3      | Noticed Natasha
  1717 | D:3      | Killed Natasha
  1798 | D:3      | Noticed Natasha
  1807 | D:3      | Killed Natasha
  1821 | D:3      | Found a glowing golden altar of the Shining One.
  2184 | D:4      | Identified the +7 dagger "Backscratcher" {flame, rPois
                  | Stlth+}
  2589 | D:4      | Identified the +4 ring mail of Zekeoschike {Str+3 Dex+4}
  2617 | D:4      | Reached XP level 7. HP: 63/63 MP: 6/6
  2677 | D:4      | Reached skill level 8 in Polearms
  2764 | D:4      | Found a staircase to the Ecumenical Temple.
  2767 | D:4      | Found the +2 ratskin cloak {*Rats rPois rN+ Str-1 Int-1
                  | Dex+1}
  3015 | D:5      | Entered Level 5 of the Dungeon
  3072 | D:5      | Reached ** piety under Okawaru
  3073 | D:5      | Reached skill level 9 in Polearms
  3166 | D:5      | Reached XP level 8. HP: 71/71 MP: 7/7
  3242 | D:5      | Noticed a moth of wrath
  3245 | D:5      | Found a bloodstained altar of Trog.
  3523 | D:5      | Reached skill level 10 in Polearms
  3935 | D:6      | Found an ornate altar of the Wu Jian Council.
  3951 | D:6      | Identified the +1 great mace of Onasky {freeze, Str+3}
  4205 | D:6      | Found a sacrificial altar of Ru.
  4289 | D:6      | Found a blossoming altar of Fedhas.
  4545 | D:6      | Noticed Maggie
  4572 | D:6      | Killed Maggie
  4572 | D:6      | Reached *** piety under Okawaru
  4573 | D:6      | Reached skill level 11 in Polearms
  4848 | D:7      | Reached skill level 1 in Dodging
  4879 | D:7      | Found a hazy altar of Hepliaklqana.
  4905 | D:7      | Reached skill level 5 in Armour
  4911 | D:7      | Reached XP level 9. HP: 79/81 MP: 8/8
  4920 | D:7      | Noticed Joseph
  5136 | D:7      | Killed Joseph
  5137 | D:7      | Reached skill level 12 in Polearms
  5257 | D:7      | Found a hide-covered altar of Uskayaw.
  5401 | D:7      | Reached **** piety under Okawaru
  5550 | D:7      | Reached skill level 5 in Dodging
  5794 | D:7      | Noticed a cyclops
  5809 | D:7      | Killed a cyclops
  5809 | D:7      | Reached ***** piety under Okawaru
  5810 | D:7      | Reached XP level 10. HP: 46/88 MP: 9/9
  6009 | D:7      | Reached skill level 13 in Polearms
  6016 | D:7      | Received a gift from Okawaru
  6129 | D:7      | Noticed Pikel
  6137 | D:7      | Killed Pikel
  6229 | D:7      | Found a runed translucent door.
  6230 | D:7      | Noticed Crazy Yiuf
  6307 | D:7      | Reached skill level 14 in Polearms
  6542 | D:8      | Reached skill level 5 in Shields
  6629 | D:8      | Found a sparkling altar of Nemelex Xobeh.
  6724 | D:8      | Found an opulent altar of Gozag.
  6897 | D:8      | Identified the +9 glaive of the Gnashing Gods {flame, Int+5
                  | Stlth+} (Okawaru gifted it to you on level 8 of the
                  | Dungeon)
  6897 | D:8      | Received a gift from Okawaru
  6962 | D:8      | Found a snail-covered altar of Cheibriados.
  7017 | D:8      | Found a transporter.
  7018 | D:8      | Found a transporter.
  7019 | D:8      | Noticed a boulder beetle
  7070 | D:8      | Killed a boulder beetle
  7261 | D:9      | Found a staircase to the Lair.
  7274 | D:9      | Reached XP level 11. HP: 94/94 MP: 10/10
  7705 | D:9      | Identified the +2 robe of Wonder {rElec rPois rC- rN+}
  7710 | D:9      | Found an ancient bone altar of Kikubaaqudgha.
  7860 | D:9      | Reached skill level 15 in Polearms
  7963 | Lair:1   | Entered Level 1 of the Lair of Beasts
  7963 | Lair:1   | Found a frozen archway.
  7976 | IceCv    | Entered an ice cave
  8005 | IceCv    | Noticed a white ugly thing
  8015 | IceCv    | Killed a white ugly thing
  8029 | IceCv    | Identified the +3 scale mail of Dramatic Exits {Drain Fly
                  | Str+2 Int+4}
  8278 | Lair:1   | Noticed a six-headed hydra
  8283 | Lair:1   | Killed a six-headed hydra
  8283 | Lair:1   | Reached ****** piety under Okawaru
  8283 | Lair:1   | Identified the +3 ring mail of Distant Shores {rF- Str+7
                  | Int-2 Dex+3} (Okawaru gifted it to you on level 1 of the
                  | Lair of Beasts)
  8283 | Lair:1   | Received a gift from Okawaru
  8622 | Lair:1   | Reached skill level 16 in Polearms
  9180 | Lair:1   | Reached skill level 10 in Fighting
  9504 | Lair:2   | Reached XP level 12. HP: 100/107 MP: 11/11
  9743 | Lair:2   | Noticed a boulder beetle
  9753 | Lair:2   | Killed a boulder beetle
  9801 | Lair:2   | Reached skill level 10 in Armour
 10152 | Lair:2   | Noticed an eight-headed hydra
 10161 | Lair:2   | Killed an eight-headed hydra
 10161 | Lair:2   | Identified the +7 glaive "Toeteov" {flame, Str+5} (Okawaru
                  | gifted it to you on level 2 of the Lair of Beasts)
 10161 | Lair:2   | Received a gift from Okawaru
 10189 | Lair:2   | Noticed a seven-headed hydra
 10196 | Lair:2   | Killed a seven-headed hydra
 10300 | Lair:2   | Found a staircase to the Swamp.
 10882 | Lair:3   | Found a radiant altar of Vehumet.
 10916 | Lair:3   | Noticed an eight-headed hydra
 10948 | Lair:3   | Killed an eight-headed hydra
 10949 | Lair:3   | Reached skill level 1 in Evocations
 11107 | Lair:3   | Noticed Gastronok
 11120 | Lair:3   | Killed Gastronok
 11227 | Lair:3   | Found a hole to the Spider Nest.
 11912 | Lair:4   | Noticed a catoblepas
 11932 | Lair:4   | Killed a catoblepas
 11932 | Lair:4   | Identified the +2 pair of boots "Natoar" {rElec rC+ Dex+2
                  | Stlth+} (Okawaru gifted it to you on level 4 of the Lair of
                  | Beasts)
 11932 | Lair:4   | Received a gift from Okawaru
 11933 | Lair:4   | Reached skill level 5 in Evocations
 12385 | Lair:4   | Reached XP level 13. HP: 113/118 MP: 12/12
 12785 | Lair:4   | Found a staircase to the Slime Pits.
 12814 | Lair:4   | Noticed Snorg
 12823 | Lair:4   | Killed Snorg
 13190 | D:10     | Entered Level 10 of the Dungeon
 13436 | D:10     | Found a broken altar of Ashenzari.
 13453 | D:10     | Found Simmog's Weapon Shoppe.
 13616 | D:10     | Found a staircase to the Orcish Mines.
 13756 | D:10     | Reached skill level 1 in Invocations
 13956 | D:10     | Identified the +8 long sword "Xeiff" {flame, Will- Str+5
                  | Dex+9}
 14482 | D:11     | Noticed Lodul
 14491 | D:11     | Killed Lodul
 14492 | D:11     | Reached skill level 5 in Invocations
 15141 | D:12     | Received a gift from Okawaru
 15242 | D:12     | Identified the +1 ring mail "Nyats" {rPois Str+3 Int+5
                  | Dex-3}
 15282 | D:12     | Received a gift from Okawaru
 15618 | D:12     | Received a gift from Okawaru
 15915 | D:13     | Found Ynuyceec's Distillery.
 16139 | D:13     | Reached XP level 14. HP: 114/127 MP: 19/19
 16172 | D:13     | Found a gate to the Vaults.
 16367 | D:13     | Noticed Nessos
 16383 | D:13     | Killed Nessos
 16383 | D:13     | Identified the +6 chain mail of Okawaru's Grace {*Corrode
                  | rN+ Int+3 Dex+3} (Okawaru gifted it to you on level 13 of
                  | the Dungeon)
 16383 | D:13     | Received a gift from Okawaru
 16797 | D:14     | Found a runed translucent door.
 16802 | D:14     | You fall into a shaft and drop 1 floor!
 16802 | D:15     | Entered Level 15 of the Dungeon
 17180 | D:15     | Reached skill level 17 in Polearms
 17505 | D:15     | Noticed a stone giant
 17720 | D:14     | Reached skill level 18 in Polearms
 17758 | D:14     | Found a shadowy altar of Dithmenos.
 17842 | D:14     | Identified the +1 cloak of the Enchanted Forest {Fly rPois}
                  | (Okawaru gifted it to you on level 14 of the Dungeon)
 17842 | D:14     | Received a gift from Okawaru
 17878 | D:14     | Reached skill level 10 in Shields
 18064 | D:14     | Noticed Whoops's ghost (journeyman DsFi)
 18087 | D:14     | Killed Whoops's ghost
 18340 | D:15     | Killed a stone giant
 18586 | D:15     | Found a staircase to the Depths.
 18816 | Lair:1   | Identified a scroll of acquirement
 18909 | D:7      | Acquired the +3 pair of gauntlets of War {Slay+5}
 18909 | D:7      | Found the +3 pair of gauntlets of War {Slay+5}
 18993 | Orc:1    | Entered Level 1 of the Orcish Mines
 19152 | Orc:1    | Found Kenuzup's General Store.
 19275 | Orc:2    | Entered Level 2 of the Orcish Mines
 19475 | Orc:2    | Found a gate leading to a gauntlet.
 19487 | Gauntlet | Entered a Gauntlet
 19487 | Gauntlet | Found a transporter.
 19487 | Gauntlet | Found a transporter.
 19488 | Gauntlet | Found a transporter.
 19489 | Gauntlet | Found a transporter.
 19490 | Gauntlet | Found a transporter.
 19492 | Gauntlet | Found a transporter.
 19499 | Gauntlet | Found a transporter.
 19500 | Gauntlet | Found a transporter.
 19501 | Gauntlet | Found a transporter.
 19503 | Gauntlet | Found a transporter.
 19511 | Gauntlet | Found a transporter.
 19512 | Gauntlet | Found a transporter.
 19729 | Orc:2    | Found Toroyfre's Self-Improvement Boutique.
 19749 | Orc:2    | Found a staircase to the Elven Halls.
 19750 | Orc:2    | Bought a manual of Fighting for 800 gold pieces
 19957 | Orc:2    | Found Maumum's General Store.
 19957 | Orc:2    | Found Sedur's Weapon Boutique.
 19958 | Orc:2    | Found Uggepp's Book Boutique.
 19962 | Orc:2    | Found Damihoas's Assorted Antiques.
 20333 | Swamp:1  | Entered Level 1 of the Swamp
 20442 | Swamp:1  | Reached XP level 15. HP: 138/138 MP: 20/20
 20516 | Swamp:1  | Noticed Nikola
 20524 | Swamp:1  | HP: 4/138 [Nikola/arc of chain lightning (83)]
 20860 | Swamp:1  | Killed Nikola
 21098 | Swamp:1  | Noticed a fenstrider witch
 21110 | Swamp:1  | Killed a fenstrider witch
 21110 | Swamp:1  | Identified the +7 tower shield of the Blue Moon {rCorr}
                  | (Okawaru gifted it to you on level 1 of the Swamp)
 21110 | Swamp:1  | Received a gift from Okawaru
 21111 | Swamp:1  | Reached skill level 19 in Polearms
 21329 | Swamp:1  | Noticed Mlioglotl
 21345 | Swamp:1  | Killed Mlioglotl
 22059 | Swamp:2  | Noticed a fenstrider witch
 22076 | Swamp:2  | Killed a fenstrider witch
 23177 | Swamp:3  | Reached skill level 20 in Polearms
 23439 | Swamp:3  | Identified the +0 halberd of the Maze {freeze, rN+}
                  | (Okawaru gifted it to you on level 3 of the Swamp)
 23439 | Swamp:3  | Received a gift from Okawaru
 23851 | Swamp:3  | HP: 4/138 [will-o-the-wisp/foxfire (14)]
 23854 | Swamp:3  | Killed from afar by a will-o-the-wisp

Illustrated notes

Levels and vault maps discovered:
D:1:      co_arrival_square_in_a_square_in_a_square, layout_basic,
          minmay_misc_feat_iff, minmay_door_square
D:2:      layout_rooms, kennysheep_boxes
D:3:      layout_loops_ring, mainiacjoe_overflow_surrounded_room,
          tso_metal_star, okawaru_altar_gauntlet_db,
          hangedman_decor_diamond_cutter, uniq_grinder, uniq_natasha, uniq_ijyb
D:4:      layout_basic, minmay_temple_entry_oklob, minmay_statues_item
D:5:      layout_loops_ring, tgw_trog
D:6:      layout_cave_pods, lemuel_crystal_altar, lemuel_round_altar,
          lemuel_tele_altar, minmay_misc_feat_pillars, uniq_maggie
D:7:      lemuel_castle_with_subvaults [lemuel_castle_interior_carwin_1],
          layout_basic, nicolae_uskayaw_murder_on_the_dancefloor,
          nicolae_hepliaklqana_hazy_memory, hangedman_glass_teeth, uniq_pikel,
          uniq_joseph, uniq_crazy_yiuf_cottage
D:8:      gammafunk_boulding_lane, layout_rooms, lemuel_doored_altar,
          nicolae_overflow_crystal_walls, grunt_gozag_breadcrumbs,
          minmay_lizard_king
D:9:      cheibrodos_elevator_heist, layout_basic, kiku_gazebo_pond_becter,
          david_lair_shrubbed, hangedman_decor_riveting
D:10:     layout_stronghold, mainiacjoe_overflow_alcove_1, orc_0_dummy,
          serial_shops, nicolae_shop_bloodbath_and_beyond, minmay_joined_circles
D:11:     layout_basic, uniq_lodul
D:12:     layout_stronghold
D:13:     layout_rooms, david_vaults_4, serial_shops, shop, uniq_nessos
D:14:     layout_cross, ebering_ghost_inner_flame,
          grunt_dithmenos_smoke_and_mirrors
D:15:     grunt_enter_depths_snipers, layout_loops_cross, serial_park_fountain,
          kennysheep_flooded_box
Lair:1:   layout_cave_pods, portal_ice_cave_entry_pillars_1,
          chequers_serial_rivers_small_a, grunt_forest_large_clearing_hut,
          serial_bayou_shore_a, grunt_megastairs_5, infiniplex_staircase_pool_2,
          lemuel_fruit_fields, serial_bayou_shore_b
Lair:2:   layout_hall_layers, palyth_hydra_swamp_entry, st_stairs_5,
          infiniplex_staircase_pool, lemuel_fruit_fields
Lair:3:   layout_gridlike, spider_nest_entry_funnel_web, basic_altar,
          chequers_serial_rivers_micro_d, uniq_gastronok
Lair:4:   layout_cave_pods, nicolae_slime_entry_slimehenge, minmay_holes,
          grunt_megastairs_4, uniq_snorg
Swamp:1:  layout_falls_marsh, evilmike_swamp_ruin_wall,
          nicolae_swamp_stuck_in_the_mud, uniq_mlioglotl, uniq_nikola
Swamp:2:  layout_basic_swamp, evilmike_swamp_ruin_house_1, swamp_pool4
Swamp:3:  layout_falls_marsh, evilmike_swamp_ruin_house_5,
          nzn_swamp_dancing_lights
Orc:1:    layout_caves, serial_shops, nicolae_shop_window_shopping,
          lemuel_statue_altar
Orc:2:    st_orc_mages, layout_diamond_mine, basic_altar,
          gauntlet_entry_generic, nicolae_shop_self_help

Skill      XL: |  1  2  3  4  5  6  7  8  9 10 11 12 13 14 15 |
---------------+----------------------------------------------+-----
Fighting       | 4 5 6 8 10 12 14 | 14.0
Polearms       | 3 4 5 7 9 11 12 14 16 18 20 | 20.2
Armour         | 5 8 9 12 | 12.0
Dodging        | 1 6 8 |  8.0
Shields        | 4 8 11 13 | 13.4
Evocations     | 6 8 |  8.0
Invocations    | 8 |  8.0

Action                     |  1- 3 |  4- 6 |  7- 9 | 10-12 | 13-15 || total
---------------------------+-------+-------+-------+-------+-------++-------
  Melee: Trident           |   105 |    70 |   305 |   494 |   256 ||  1230
         Headbutt          |     5 |    11 |    48 |    83 |   174 ||   321
         Dagger            |       |     7 |    32 |       |       ||    39
         Demon trident     |       |       |       |       |   703 ||   703
  Evoke: Wand              |       |       |     2 |    16 |    41 ||    59
         Lightning rod     |       |       |       |     4 |     8 ||    12
         Condenser vane    |       |       |       |       |     2 ||     2
    Use: Scroll            |       |       |    11 |     6 |    23 ||    40
         Potion            |       |       |     1 |     3 |    11 ||    15
   Stab: Distracted        |       |       |     1 |       |       ||     1
         Sleeping          |       |       |     2 |       |     9 ||    11
         Paralysed         |       |       |       |       |     6 ||     6
 Armour: Plate armour      |    49 |    26 |       |       |       ||    75
         Ring mail         |       |       |    83 |   146 |   211 ||   440
  Dodge: Dodged            |    15 |    11 |    66 |   240 |   307 ||   639
  Block: Buckler           |    17 |     9 |    45 |   108 |   105 ||   284
         Kite shield       |       |       |       |       |   109 ||   109
